 Dungeon Crawl Stone Soup version 0.29-a0-732-g3d7fbe0af2 (webtiles) character file.

Game seed: 10892415220476076861

597464 zhov the Cutthroat (level 27, -7/130 HPs)
             Began as a Vine Stalker Fighter on June 30, 2022.
             Was a High Priest of Okawaru.
             Killed from afar by a starcursed mass (8 damage)
             ... with an accursed screaming
             ... while paralysed by accursed screaming
             ... on level 4 of the Abyss.
             The game lasted 02:22:20 (57267 turns).

zhov the Cutthroat (Vine Stalker Fighter)          Turns: 57267, Time: 02:22:20

Health: -7/130     AC: 41    Str: 30    XL:     27
Magic:  0/36       EV:  2    Int: -1 (7) God:    Okawaru [*****.]
Gold:   7325       SH:  0    Dex: 26    Spells: 61/61 levels left

rFire   + . .      SeeInvis +   F - +9 quick blade (elec)
rCold   + . .      Faith    .   b - +18 shield of the Gong {rElec rN+ Will+ EV-5}
rNeg    + + .      Spirit   +   I - +7 crystal plate armour of Okawaru's Delight {rF- Regen+ Stlth+}
rPois   +          Reflect  +   T - +2 hat {Will+}
rElec   +          Harm     .   A - +4 dragonskin cloak
rCorr   .          Rampage  .   O - +0 pair of gloves of the Harvest {rF+ Int+3 Dex+4}
Will    +++++      Rage     3%  z - +4 pair of boots of Zoutug {rC+ Str+5}
Stlth   ..........              S - amulet of reflection
HPRegen 0.00/turn               k - ring "Xooduith" {rPois rF+ rN+ Will+ Dex+4}
MPRegen 0.25/turn               J - ring of see invisible

@: paralysed, sick, slowed, lost intelligence, unable to read
A: fangs 3, regeneration 1, magic shield, antimagic bite, no potion heal 2,
berserk 1, clumsy 2, deformed body, dopey 2, screaming 1, [deterioration 2],
[frail 2], low MP 1[+1]
0: Orb of Zot
}: 3/15 runes: decaying, silver, gossamer
a: Renounce Religion, Heroism, Finesse, Duel


You were on level 4 of the Abyss.
You worshipped Okawaru.
Okawaru was extremely pleased with you.
You visited 10 branches of the dungeon, and saw 48 of its levels.
You visited the Abyss 1 time.
You visited 2 bazaars.

You collected 8465 gold pieces.
You spent 1140 gold pieces at shops.

Inventory:

Hand Weapons
 F - a +9 quick blade of electrocution (weapon)
Missiles
 o - 2 throwing nets (quivered)
Armour
 b - the +18 shield of the Gong (worn) {rElec rN+ Will+ EV-5}
   (You found it on level 9 of the Dungeon)

   It is deafeningly noisy when blocking attacks.
   EV:        It affects your evasion (-5).
   rElec:     It insulates you from electricity.
   rN:        It protects you from negative energy.
   Will:      It increases your willpower.
 t - the +0 hat of Okawaru's Castigation {*Slow Str+4 Int+4}
   (Okawaru gifted it to you on level 2 of the Vaults)

   Str:       It affects your strength (+4).
   Int:       It affects your intelligence (+4).
   *Slow:     It may slow you when you take damage.
 x - the +2 hat of Cemmacai {Fly rElec Str-4}
   (Okawaru gifted it to you on level 5 of the Realm of Zot)

   Str:       It affects your strength (-4).
   rElec:     It insulates you from electricity.
   Fly:       It grants you flight.
 z - the +4 pair of boots of Zoutug (worn) {rC+ Str+5}
   (You acquired it on level 11 of the Dungeon)

   Str:       It affects your strength (+5).
   rC:        It protects you from cold.
 A - the +4 dragonskin cloak (worn)
   (You took it off Tiamat in the Arena)

   It grants the wearer a chance to resist fire, cold, poison, electricity,
   acid, and negative energy.
 E - the +1 cloak of Starlight {*Dazzle EV+4 Stlth--}
   (Okawaru gifted it to you on level 3 of the Lair of Beasts)

   It may blind those who miss an attack against the wearer in melee combat.
   EV:        It affects your evasion (+4).
   Stlth:     It makes you much less stealthy.
 I - the +7 crystal plate armour of Okawaru's Delight (worn) {rF- Regen+ Stlth+}
   (Okawaru gifted it to you on level 3 of the Depths)

   rF:        It makes you vulnerable to fire.
   Regen:     It increases your rate of health regeneration.
   Stlth:     It makes you more stealthy.
 K - the +8 storm dragon scales "Remuvab" {rElec rC+++ rCorr Str-2 Dex+3}
   (Okawaru gifted it to you on level 1 of the Spider Nest)

   Str:       It affects your strength (-2).
   Dex:       It affects your dexterity (+3).
   rC:        It renders you almost immune to cold.
   rElec:     It insulates you from electricity.
   rCorr:     It protects you from acid and corrosion.
 O - the +0 pair of gloves of the Harvest (worn) {rF+ Int+3 Dex+4}
   (Okawaru gifted it to you on level 14 of the Dungeon)

   Int:       It affects your intelligence (+3).
   Dex:       It affects your dexterity (+4).
   rF:        It protects you from fire.
 T - a +2 hat of willpower (worn)
Jewellery
 c - the amulet of the Four Winds {rN+ Will+++ Clar}
   (You took it off a fire giant in the Arena)

   [amulet of nothing]

   rN:        It protects you from negative energy.
   Clar:      It protects you against confusion.
   Will:      It greatly increases your willpower.
 k - the ring "Xooduith" (left hand) {rPois rF+ rN+ Will+ Dex+4}
   (You found it on level 3 of the Dungeon)

   [ring of positive energy]

   Dex:       It affects your dexterity (+4).
   rF:        It protects you from fire.
   rPois:     It protects you from poison.
   rN:        It protects you from negative energy.
   Will:      It increases your willpower.
 l - a ring of resist corrosion
 q - the amulet "Umpug" {Faith *Slow Fly Will+++ Stlth+}
   (You found it on level 2 of the Depths)

   [amulet of faith]

   It allows you to gain divine favour quickly.
   Fly:       It grants you flight.
   *Slow:     It may slow you when you take damage.
   Will:      It greatly increases your willpower.
   Stlth:     It makes you more stealthy.
 C - a +6 ring of dexterity
 J - a ring of see invisible (right hand)
 L - a ring of flight
 M - a +6 ring of strength
 N - the amulet "Ranosute" {Acrobat rElec Str+3}
   (You found it on level 13 of the Dungeon)

   [amulet of the acrobat]

   It increases your evasion while moving and waiting.
   Str:       It affects your strength (+3).
   rElec:     It insulates you from electricity.
 S - an amulet of reflection (around neck)
 U - an amulet of regeneration
 W - the ring "Hiny" {Wiz +Blink rElec rC- Slay+2}
   (You found it on level 2 of the Depths)

   [ring of wizardry]

   It improves your spell success rate.
   Slay:      It affects your accuracy & damage with ranged weapons and melee
   (+2).
   rC:        It makes you vulnerable to cold.
   rElec:     It insulates you from electricity.
   +Blink:    It lets you blink.
 X - the ring "Waepomoo" {Wiz rPois rC- rCorr Dex+8}
   (You took it off an ogre mage on level 5 of the Vaults)

   [ring of wizardry]

   It improves your spell success rate.
   Dex:       It affects your dexterity (+8).
   rC:        It makes you vulnerable to cold.
   rPois:     It protects you from poison.
   rCorr:     It protects you from acid and corrosion.
Wands
 h - a wand of mindburst (17)
 i - a wand of polymorph (17)
 n - a wand of flame (96)
 s - a wand of digging (12)
 B - a wand of iceblast (29)
 V - a wand of quicksilver (19)
Scrolls
 j - 13 scrolls of teleportation
 p - a scroll of silence
 w - 5 scrolls of amnesia
 y - 5 scrolls of magic mapping
 G - 6 scrolls of poison
 H - 22 scrolls of identify
 P - 8 scrolls of brand weapon
 Q - 4 scrolls of fog
 R - 9 scrolls of enchant weapon
 Z - 6 scrolls of fear
Potions
 a - 20 potions of curing
 d - 4 potions of cancellation
 e - 14 potions of flight
 f - 4 potions of magic
 g - 3 potions of brilliance
 m - 8 potions of mutation
 r - 11 potions of ambrosia
 u - 4 potions of resistance
 D - 2 potions of haste
Miscellaneous
 v - a condenser vane


   Skills:
 * Level 22.5 Fighting
 * Level 22.7 Short Blades
 * Level 19.2 Armour
 * Level 15.3 Shields
 + Level 17.7 Spellcasting
 - Level 12.0 Invocations
 - Level 15.0 Evocations


You had 61 spell levels left.
You didn't know any spells.
Your spell library contained the following spells:

 Spells                   Type           Power      Damage    Failure   Level
 Foxfire                  Conj/Fire      0%         2x1d4     93%         1
 Freeze                   Ice            0%         1d3       93%         1
 Sandblast                Erth           0%         2d4       93%         1
 Shock                    Conj/Air       0%         1d3       93%         1
 Sting                    Tmut/Pois      0%         1d3       93%         1
 Passwall                 Tmut/Erth      0%         N/A       98%         2
 Poisonous Vapours        Pois/Air       0%         N/A       98%         2
 Static Discharge         Conj/Air       0%         N/A       98%         2
 Conjure Flame            Conj/Fire      0%         6-21      100%        3
 Dazzling Flash           Conj/Hex       0%         N/A       100%        3
 Frozen Ramparts          Ice            0%         1d2       100%        3
 Gell's Gravitas          Tloc           0%         N/A       100%        3
 Ignite Poison            Fire/Tmut/Pois 0%         N/A       100%        3
 Inner Flame              Hex/Fire       0%         N/A       100%        3
 Lesser Beckoning         Tloc           0%         N/A       100%        3
 Mephitic Cloud           Conj/Pois/Air  0%         N/A       100%        3
 Portal Projectile        Hex/Tloc       0%         N/A       100%        3
 Stone Arrow              Conj/Erth      0%         3d7       100%        3
 Swiftness                Air            0%         N/A       100%        3
 Teleport Other           Tloc           0%         N/A       100%        3
 Airstrike                Air            0%         N/A       100%        4
 Corpse Rot               Necr/Pois/Air  0%         N/A       100%        4
 Dispel Undead            Necr           0%         3d6       100%        4
 Flame Wave               Conj/Fire      0%         2d4       100%        4
 Hailstorm                Conj/Ice       0%         3d3       100%        4
 Ice Form                 Ice/Tmut       0%         N/A       100%        4
 Leda's Liquefaction      Hex/Erth       0%         N/A       100%        4
 Olgreb's Toxic Radiance  Pois           0%         N/A       100%        4
 Passage of Golubria      Tloc           0%         N/A       100%        4
 Petrify                  Tmut/Erth      0%         N/A       100%        4
 Sticky Flame             Conj/Fire      0%         2d3       100%        4
 Agony                    Necr           0%         N/A       100%        5
 Blade Hands              Tmut           0%         N/A       100%        5
 Borgnjor's Vile Clutch   Necr/Erth      0%         N/A       100%        5
 Fireball                 Conj/Fire      0%         3d3       100%        5
 Freezing Cloud           Conj/Ice/Air   0%         6-21      100%        5
 Iskenderun's Battlesphe  Conj           0%         2d6       100%        5
 Lee's Rapid Deconstruct  Erth           0%         3d5*      100%        5
 Lightning Bolt           Conj/Air       0%         1d11      100%        5
 Metabolic Englaciation   Hex/Ice        0%         N/A       100%        5
 Silence                  Hex/Air        0%         N/A       100%        5
 Yara's Violent Unravell  Hex/Tmut       0%         3d3       100%        5
 Conjure Ball Lightning   Conj/Air       0%         3x3d6     100%        6
 Dispersal                Tloc           0%         N/A       100%        6
 Iron Shot                Conj/Erth      0%         9d1       100%        6
 Starburst                Conj/Fire      0%         6d3       100%        6
 Statue Form              Tmut/Erth      0%         N/A       100%        6
 Orb of Destruction       Conj           0%         9d5       100%        7
 Borgnjor's Revivificati  Necr           0%         N/A       100%        8
 Ignition                 Fire           0%         3d3       100%        8
 Necromutation            Tmut/Necr      0%         N/A       100%        8
 Chain Lightning          Conj/Air       0%         N/A       100%        9
 Death's Door             Necr           0%         N/A       100%        9
 Shatter                  Erth           0%         3d5*      100%        9
 Call Imp                 Summ           Unusable   N/A       N/A         2
 Call Canine Familiar     Summ           Unusable   N/A       N/A         3
 Tukima's Dance           Hex            Unusable   N/A       N/A         3
 Animate Armour           Summ/Erth      Unusable   N/A       N/A         4
 Summon Ice Beast         Ice/Summ       Unusable   N/A       N/A         4
 Summon Forest            Summ/Tloc      Unusable   N/A       N/A         5
 Summon Mana Viper        Hex/Summ       Unusable   N/A       N/A         5
 Summon Cactus Giant      Summ           Unusable   N/A       N/A         6
 Summon Hydra             Summ           Unusable   N/A       N/A         7

Dungeon Overview and Level Annotations

Branches:
Dungeon (15/15)            Temple (1/1) D:5            Lair (6/6) D:9
  Swamp (4/4) Lair:4       Spider (4/4) Lair:2        Slime (0/5) Lair:6
    Orc (2/2) D:12            Elf (2/3) Orc:2        Vaults (5/5) D:14
  Crypt (0/3) Vaults:2     Depths (4/4) D:15            Zot (5/5) Depths:4

Altars:
Cheibriados
Dithmenos
Elyvilon
Fedhas
Gozag
Hepliaklqana
Kikubaaqudgha
Nemelex Xobeh
Okawaru
Qazlal
Ru
Sif Muna
Uskayaw
Vehumet
Wu Jian
Yredelemnul
Zin
The Shining One
Beogh
Jiyva

Shops:
D:3 !   D:10 [   Orc:2 *?(:   Elf:1 :   Vaults:2 [   Vaults:3 ?(   Depths:3 (

Portals:
Hell: Depths:1 Depths:2 Depths:3 Depths:4
Abyss: Depths:2 Depths:3
Pandemonium: Depths:2
Ziggurat: Depths:4

Annotations:
D:5 1 runed translucent door, chrisa4242's ghost, novice DsCK
D:7 1 runed translucent door, Crazy Yiuf
Lair:4 3 runed translucent doors, Gibbon's ghost, journeyman DsGl
Lair:5 3 runed translucent doors, Mysukhlell's ghost, journeyman DrTm
Lair:6 2 transporters, Sobieck's ghost, journeyman SpAM
Swamp:1 3 runed translucent doors, Atuuduag's ghost, adept OgGl; Vioczuc's ghost, adept TrCK
Elf:1 1 runed translucent door
Elf:2 6 runed translucent doors
Vaults:1 3 runed translucent doors, Oniofy's ghost, adept SpVM
Depths:3 1 runed translucent door, attentat's ghost, veteran DsIE
Zot:3 1 transporter


Innate Abilities, Weirdness & Mutations

You have razor-sharp teeth.
Your natural rate of healing is unusually fast.
When hurt, damage is shared between your health and your magic reserves.
Your bite disrupts and absorbs the magic of your enemies.
Potions cannot restore your health.
You sometimes lose your temper in combat.
You are very clumsy. (Dex -4)
Armour fits poorly on your strangely shaped body.
You are very dopey. (Int -4)
You occasionally shout uncontrollably at your foes.
[Your body often deteriorates upon taking damage.]
[You are very frail. (-20% HP)]
[Your magical capacity is very low. (-20% MP)]


Message History

The raiju bursts into living lightning!
The living lightning hits you. You resist.
The raiju blinks!
You puncture the raiju! You bite the raiju!
You kill the raiju!
Okawaru accepts your kill. You block the neqoxec's attack.
BOUMMMMG!
A raiju comes into view.
A starcursed mass splits.
You hear a bark! x3
You hit the starcursed mass.
Lightning courses through the starcursed mass!!
You destroy the starcursed mass!
Okawaru accepts your kill.
You cannot read scrolls in your current state!
You puncture the starcursed mass! You bite the starcursed mass!
You drain its power.
You feel invigorated.
The starcursed mass is severely damaged.
The starcursed mass shudders and is absorbed by its neighbour.
You block the neqoxec's attack.
GONNNNG!
A starcursed mass splits.
You hear a bellow!
You hear a bark!
You hear a roar!
You hit the neqoxec. You bite the neqoxec.
The neqoxec's magic leaks into the air.
You drain its magic.
The neqoxec is lightly wounded.
A starcursed mass splits.
Unknown command.
You impale the neqoxec!! You bite the neqoxec!
You kill the neqoxec!
Okawaru accepts your kill.
A starcursed mass splits.
A cacophony of accursed wailing tears at your sanity!
You suddenly lose the ability to move!
The large abomination completely misses you.
The large abomination hits you!
* * * LOW HITPOINT WARNING * * *
You recover from your berserk rage.
A cacophony of accursed wailing tears at your sanity!
You die...

#..###.......
..h###......##.
.##...##.#.....
#X..#...#......
#X.X##..#......
#.#...#5.#......
###..##X##.....#
......h@## . .
...#.###X# ###
.... XXX...#..#
. X. X..XXX.## .
##.. X..3.# ..##
...........## ..
. . ......... #
.#. ####.#...
.#### . ..
.#####. . .....


You could see 10 starcursed masses, 2 large abominations, 2 raiju, a ynoxinul
and an ufetubus (summoned).

Vanquished Creatures
  A dread lich (Zot:5)
  Tiamat (Arena)
  5 orbs of fire
  3 ancient liches (Arena)
  3 juggernauts
  Sojobo (Vaults:3)
  5 Killer Klowns
  Bai Suzhen (Arena)
  2 curse toes
  5 caustic shrikes (D:15)
  7 golden dragons
  Nikola (Spider:1)
  Jory (Arena)
  2 electric golems (Zot:5)
  Arachne (Arena)
  Jorgrun (Arena)
  An iron giant (Depths:1)
  A Hell Sentinel (Arena)
  Rupert (Arena)
  Mlioglotl (Arena)
  A walking crystal tome (Depths:2)
  16 tentacled monstrosities
  24 Orb Guardians (Zot:5)
  5 liches
  A walking earthen tome (Depths:1)
  9 quicksilver dragons
  A deep elf blademaster (Elf:2)
  7 titans
  An acid blob (shapeshifter) (Vaults:5)
  The ghost of porpoise the Envoy of Void, an adept FoAK of Lugonu (Swamp:4)
  3 tentacled starspawn (Abyss:4)
  2 walking divine tomes (Depths:3)
  5 death cobs
  Kirke (Swamp:2)
  An Executioner (Zot:3)
  5 shadow dragons
  2 thorn hunters
  6 sphinxes
  Roxanne (Swamp:3)
  10 storm dragons
  6 tengu reavers
  12 fire giants
  A fire giant (shapeshifter) (Arena)
  16 draconian monks
  A fenstrider witch (Swamp:4)
  3 emperor scorpions
  15 frost giants
  5 draconian knights
  9 draconian scorchers
  4 iron dragons
  Aizul (Spider:1)
  6 ghost moths
  A cacodemon (Abyss:4)
  A balrug (Arena)
  19 vault wardens
  2 draconian shifters
  5 ghouls
  A juggernaut zombie (Depths:1)
  2 spriggan defenders
  2 deep elf sorcerers
  6 draconian annihilators
  A caustic shrike zombie (Abyss:4)
  5 spectral caustic shrikes (Depths:2)
  A deep elf elementalist (Elf:2)
  An angel (Abyss:4)
  10 ironbound thunderhulks
  4 war gargoyles
  13 green draconians
  33 stone giants
  9 starcursed masses (Abyss:4)
  A draconian stormcaller (Zot:5)
  22 ironbound preservers
  32 very ugly things
  4 deep elf demonologists
  6 broodmothers (Spider:4)
  11 white draconians
  17 black draconians
  4 yellow draconians
  8 entropy weavers
  A minotaur (shapeshifter) (Vaults:5)
  21 purple draconians
  3 eleionomae
  5 spark wasps
  3 bunyips
  3 deep elf annihilators
  10 dire elephants
  8 ettins
  24 red draconians
  A shambling mangrove (Swamp:3)
  Josephine (D:14)
  A blizzard demon (Depths:3)
  A merfolk impaler (Depths:1)
  18 yaktaur captains
  3 deep elf high priests
  5 great orbs of eyes
  16 fire dragons
  35 vault guards
  A quicksilver dragon skeleton (Depths:1)
  3 rakshasas (Depths:3)
  3 catoblepae (Lair:6)
  6 boulder beetles
  12 hydras
  A ghost crab (Swamp:2)
  A peacekeeper (Vaults:3)
  29 ice dragons
  A juggernaut simulacrum (Depths:3)
  A radroach (Spider:1)
  3 spriggan air magi
  6 ogre magi
  A hell beast (Depths:3)
  9 ironbound frosthearts
  23 centaur warriors
  2 vampire magi (Depths:3)
  35 dancing weapons
  9 tengu warriors
  16 two-headed ogres
  7 alligators
  12 deep troll earth magi
  13 death yaks
  13 deep troll shamans
  7 spriggan berserkers
  13 deep elf knights (Elf:2)
  10 hell knights
  3 iron trolls
  3 wretched stars (Abyss:4)
  4 skeletal warriors
  A soul eater (Depths:3)
  7 goliath frogs
  2 sixfirhies (Abyss:4)
  A sun moth (Spider:3)
  79 deep trolls
  9 pharaoh ants
  A glowing orange brain (Depths:3)
  3 spriggan druids
  2 flayed ghosts
  5 steelbarb worms
  4 bog bodies
  10 orb spiders
  5 death drakes
  A swamp dragon (Swamp:4)
  9 necromancers
  6 phantasmal warriors
  8 deep elf archers (Elf:2)
  A golden dragon skeleton (Depths:3)
  2 spriggan simulacra
  3 large abominations
  8 harpies
  12 ironbound convokers
  Pikel (D:6)
  A wolf spider zombie (D:7)
  4 orc knights
  10 wizards
  An orange crystal statue (D:11)
  26 deep elf pyromancers
  13 lindwurms
  3 tengu skeletons
  3 orc sorcerers
  21 wolf spiders
  17 deep elf zephyrmancers
  2 worldbinders (Abyss:4)
  36 ugly things
  4 manticores
  20 elephants
  4 cyclopes
  A shining eye (shapeshifter) (D:14)
  4 will-o-the-wisps
  4 centaur zombies (D:7)
  A moth of wrath (shapeshifter) (Elf:2)
  10 moths of wrath
  A shadow dragon skeleton (Vaults:2)
  25 vault sentinels
  5 black mambas
  Maggie (D:10)
  3 smoke demons (Abyss:4)
  2 fire giant skeletons
  5 torpor snails
  A cane toad (shapeshifter) (D:14)
  13 cane toads
  A gargoyle (D:12)
  7 demonic crawlers
  2 efreet
  Psyche (D:12)
  4 freezing wraiths (Swamp:4)
  2 yaktaur skeletons (Vaults:2)
  3 hellwings
  5 tengu conjurers
  43 yaktaurs
  2 rime drakes
  10 komodo dragons
  5 trolls
  A red devil (Depths:3)
  4 meliai
  3 ancient zymes (Abyss:4)
  An ice devil (Zot:5)
  2 bloated husks
  5 human skeletons (Vaults:2)
  11 hornets
  A polar bear (shapeshifter) (D:14)
  A spriggan skeleton (Depths:1)
  19 tarantellas
  12 tyrant leeches
  A tarantella (shapeshifter) (Vaults:5)
  A raiju (shapeshifter) (D:14)
  4 raiju (Abyss:4)
  23 blink frogs
  27 slime creatures
  An air elemental (Elf:2)
  27 jumping spiders
  Sigmund (D:6)
  4 ettin skeletons (Vaults:2)
  16 spriggans
  A deep troll skeleton (Vaults:2)
  4 shadows
  2 ynoxinuls (Abyss:4)
  4 fire elementals
  7 wraiths
  2 hogs
  3 wyverns
  22 culicivoras
  2 basilisks (shapeshifter)
  5 water elementals
  14 humans
  61 yaks
  23 vampire mosquitoes
  3 chaos spawn (Abyss:4)
  9 basilisks
  A redback (shapeshifter) (D:14)
  A steam dragon (D:8)
  2 neqoxecs (Abyss:4)
  2 swamp worm simulacra (Swamp:4)
  48 redbacks
  16 swamp worms
  2 wargs (Orc:2)
  12 hydra simulacra (Swamp:4)
  A glowing shapeshifter skeleton (Vaults:2)
  22 water moccasins
  Duvessa (D:6)
  2 floating eyes
  34 orc warriors
  A black bear (D:7)
  A hornet zombie (D:7)
  An ice beast (D:7)
  3 sky beasts
  15 ogres
  3 boggarts (Vaults:1)
  10 wolves
  4 lemures (D:6)
  16 centaurs
  2 phantoms
  16 bullfrogs
  A gnoll sergeant (D:10)
  A necrophage (Swamp:2)
  2 scorpions
  An earth elemental (Elf:2)
  5 wights (D:9)
  3 troll zombies (D:12)
  Dowan (D:6)
  4 small abominations (Abyss:4)
  13 killer bees
  9 electric eels
  3 howler monkeys
  6 hounds
  3 lava snakes (D:14)
  A quasit (Abyss:4)
  20 orc priests
  7 jellies
  Jessica (D:2)
  3 iguanas (D:5)
  24 orc wizards
  A hell rat (D:9)
  3 ogre zombies (D:12)
  Robin (D:2)
  13 gnolls
  A gnoll (shapeshifter) (Vaults:5)
  2 river rats (D:9)
  4 adders
  3 shadow imps (D:7)
  A white imp (D:7)
  An ufetubus (D:5)
  6 swamp drake simulacra (Swamp:4)
  2 dart slugs
  2 worms (D:2)
  120 orcs
  6 ball pythons
  8 endoplasms
  6 giant cockroaches
  20 goblins
  6 hobgoblins
  7 jackals
  4 quokkas
  5 bats
  3 frilled lizards (D:1)
  2 goblin zombies (D:12)
  2 hobgoblin skeletons (D:12)
  5 hobgoblin zombies (D:12)
  8 kobolds
  2 orc skeletons (D:12)
  8 orc zombies (D:12)
  8 rats
  A fire vortex (D:14)
  3 starspawn tentacles (Abyss:4)
2273 creatures vanquished.

Vanquished Creatures (others)
  A draconian knight (Zot:2)
  A bunyip (Swamp:1)
  A white draconian (Zot:3)
  A yellow draconian (Zot:1)
  A black draconian (Depths:4)
  A bloated husk (Swamp:1)
  A tarantella (Spider:1)
  2 culicivoras (Spider:1)
  A water elemental (Elf:2)
  2 boggarts (Vaults:1)
  An orc priest (Elf:2)
  An orc wizard (Orc:2)
  2 orcs (Elf:2)
  3 briar patches (Swamp:2)
  13 foxfires
  35 fungi
  A lurking horror (Abyss:4)
  87 plants
  2 starspawn tentacles (Abyss:4)
  6 withered plants
163 creatures vanquished.

Grand Total: 2436 creatures vanquished

Notes
Turn   | Place    | Note
-------+----------+-------------------------------------------
     0 | D:1      | zhov the Vine Stalker Fighter began the quest for the Orb.
     0 | D:1      | Reached XP level 1. HP: 11/11 MP: 2/2
   328 | D:1      | Reached XP level 2. HP: 16/16 MP: 3/3
   809 | D:1      | Reached XP level 3. HP: 11/19 MP: 4/4
  1989 | D:2      | Noticed Jessica
  1999 | D:2      | Killed Jessica
  2000 | D:2      | Gained mutation: Your natural rate of healing is unusually
                  | fast. [Vine Stalker growth]
  2000 | D:2      | Reached XP level 4. HP: 1/23 MP: 1/5
  2187 | D:2      | Noticed Robin
  2193 | D:2      | Killed Robin
  2198 | D:2      | You fall into a shaft and drop 2 floors!
  2382 | D:3      | Reached XP level 5. HP: 26/27 MP: 6/6
  2626 | D:3      | Found Zitena's Distillery.
  2698 | D:3      | Identified the ring "Xooduith" {rPois rF+ rN+ Will+ Dex+4}
  2710 | D:3      | Found a faded altar of an unknown god.
  3078 | D:4      | Reached skill level 5 in Short Blades
  3595 | D:5      | Entered Level 5 of the Dungeon
  3595 | D:5      | Noticed a black bear
  3633 | D:5      | Reached XP level 6. HP: 23/32 MP: 4/7
  3773 | D:5      | Found a runed translucent door.
  3813 | D:5      | Reached XP level 7. HP: 10/35 MP: 1/8
  3918 | D:5      | Found Goh Hoed's Magic Scroll Shop.
  4010 | D:5      | Found a glowing silver altar of Zin.
  4012 | D:5      | Found a sacrificial altar of Ru.
  4366 | D:5      | Found a staircase to the Ecumenical Temple.
  4384 | Temple   | Entered the Ecumenical Temple
  4476 | Temple   | Became a worshipper of Warmaster Okawaru
  4607 | D:5      | Gained mutation: You have razor-sharp teeth. [Vine Stalker
                  | growth]
  4607 | D:5      | Reached XP level 8. HP: 30/39 MP: 9/9
  5189 | D:5      | Noticed chrisa4242's ghost (novice DsCK)
  5313 | D:6      | Noticed Pikel
  5366 | D:6      | Killed Pikel
  5366 | D:6      | Reached * piety under Okawaru
  5367 | D:6      | Reached skill level 10 in Short Blades
  5418 | D:6      | Noticed Duvessa
  5425 | D:6      | Noticed Dowan
  5442 | D:6      | Killed Duvessa
  5446 | D:6      | Noticed Sigmund
  5447 | D:6      | Killed Dowan
  5448 | D:6      | Reached skill level 1 in Invocations
  5448 | D:6      | Reached XP level 9. HP: 24/44 MP: 10/10
  5461 | D:6      | Killed Sigmund
  5462 | D:6      | Reached skill level 1 in Spellcasting
  5462 | D:6      | Reached skill level 1 in Evocations
  5475 | D:6      | Reached ** piety under Okawaru
  5664 | D:6      | Found a blossoming altar of Fedhas.
  6090 | D:7      | Reached *** piety under Okawaru
  6109 | D:7      | Reached XP level 10. HP: 25/51 MP: 14/14
  6220 | D:7      | Reached **** piety under Okawaru
  6221 | D:7      | Reached skill level 5 in Fighting
  6588 | D:6      | Reached skill level 5 in Invocations
  6701 | D:7      | Found a runed translucent door.
  6702 | D:7      | Noticed Crazy Yiuf
  6954 | D:7      | Found a radiant altar of Vehumet.
  7476 | D:8      | Reached XP level 11. HP: 54/56 MP: 17/17
  7756 | D:8      | Reached ***** piety under Okawaru
  8697 | D:9      | Noticed a death yak
  8697 | D:9      | Noticed a death yak
  8698 | D:9      | Found a staircase to the Lair.
  8698 | D:9      | Noticed a death yak
  8866 | D:9      | Reached skill level 5 in Shields
  8989 | D:9      | Killed a death yak
  9022 | D:9      | Killed a death yak
  9053 | D:9      | Killed a death yak
  9252 | D:9      | Found the +18 shield of the Gong {rElec rN+ Will+ EV-5}
  9612 | D:10     | Entered Level 10 of the Dungeon
  9664 | D:10     | Noticed Maggie
  9696 | D:10     | Killed Maggie
 10034 | D:10     | Found Hyivenla's Antique Armour Boutique.
 10042 | D:10     | Bought an ancient ring mail for 234 gold pieces
 10042 | D:10     | Identified the +5 ring mail of Pandemonium {Harm +Blink
                  | Stlth+} (You bought it in a shop on level 10 of the
                  | Dungeon)
 10494 | D:11     | Reached ****** piety under Okawaru
 10549 | D:11     | Noticed a two-headed ogre
 10551 | D:11     | Noticed a two-headed ogre
 10559 | D:11     | Killed a two-headed ogre
 10560 | D:11     | Reached skill level 5 in Armour
 10560 | D:11     | Reached skill level 5 in Spellcasting
 10570 | D:11     | Killed a two-headed ogre
 10570 | D:11     | Received a gift from Okawaru
 10571 | D:11     | Reached XP level 12. HP: 63/63 MP: 18/20
 10642 | D:11     | Found a gateway to a bazaar.
 10670 | Bazaar   | Entered a bazaar
 10698 | Bazaar   | Found Oppiuk's Book Shop.
 10718 | Bazaar   | Found Beiticox's Book Shop.
 11502 | D:12     | Noticed a two-headed ogre
 11508 | D:12     | Killed a two-headed ogre
 11522 | D:12     | Reached skill level 5 in Evocations
 11574 | D:12     | Noticed a two-headed ogre
 11587 | D:12     | Killed a two-headed ogre
 11614 | D:12     | Noticed Psyche
 11616 | D:12     | Received a gift from Okawaru
 11627 | D:12     | Killed Psyche
 11684 | D:11     | Identified a scroll of acquirement
 11684 | D:11     | Acquired the +4 pair of boots of Zoutug {rC+ Str+5}
 11699 | D:12     | Noticed a two-headed ogre
 11709 | D:12     | Killed a two-headed ogre
 11859 | D:12     | Found a staircase to the Orcish Mines.
 12614 | Lair:1   | Entered Level 1 of the Lair of Beasts
 12677 | Lair:1   | Received a gift from Okawaru
 12678 | Lair:1   | Reached XP level 13. HP: 69/69 MP: 23/23
 13787 | Lair:2   | Found a hole to the Spider Nest.
 14684 | Lair:3   | Received a gift from Okawaru
 14684 | Lair:3   | Found the +1 cloak of Starlight {*Dazzle EV+4 Stlth--}
 15336 | Lair:4   | Found a runed translucent gate.
 15337 | Lair:4   | Found a runed translucent gate.
 15337 | Lair:4   | Noticed Gibbon's ghost (journeyman DsGl)
 15338 | Lair:4   | Found a runed translucent gate.
 15380 | Lair:4   | Reached XP level 14. HP: 76/76 MP: 25/25
 15507 | Lair:4   | Acquired a manual of Shields
 15509 | Lair:4   | Acquired 1285 gold pieces
 15595 | Lair:4   | Found a staircase to the Swamp.
 15639 | Lair:4   | Reached skill level 10 in Fighting
 16307 | Lair:5   | Noticed Mysukhlell's ghost (journeyman DrTm)
 16839 | Lair:5   | Found a runed translucent gate.
 16839 | Lair:5   | Found a runed translucent gate.
 16839 | Lair:5   | Found a runed translucent gate.
 17234 | Lair:6   | Entered Level 6 of the Lair of Beasts
 17318 | Lair:6   | Received a gift from Okawaru
 17406 | Lair:5   | Reached skill level 10 in Shields
 17427 | Lair:5   | Received a gift from Okawaru
 17510 | Arena    | Entered the Arena
 17686 | Lair:6   | Found a staircase to the Slime Pits.
 17686 | Lair:6   | Found a viscous altar of Jiyva.
 17753 | Lair:6   | Found a transporter.
 17764 | Lair:6   | Noticed Sobieck's ghost (journeyman SpAM)
 18078 | Lair:6   | Identified the +3 scale mail "Senatac" {Will- Regen+ Str+9
                  | Int-3} (Okawaru gifted it to you on level 6 of the Lair of
                  | Beasts)
 18078 | Lair:6   | Received a gift from Okawaru
 18079 | Lair:6   | Reached XP level 15. HP: 81/81 MP: 28/28
 18216 | Lair:6   | Found a transporter.
 18810 | D:13     | Noticed Rupert
 18814 | D:13     | Noticed Jorgrun
 18814 | Arena    | Entered the Arena
 18832 | Arena    | Killed Rupert
 18862 | Arena    | Entered the Arena
 18883 | Arena    | Killed Jorgrun
 18917 | D:13     | Noticed a frost giant
 18959 | D:13     | Killed a frost giant
 19066 | D:13     | Identified the amulet "Ranosute" {Acrobat rElec Str+3}
 19124 | D:13     | Identified the +5 glaive of Lies {speed, *Noise Fly rPois
                  | rC++}
 19799 | D:14     | Identified the +0 pair of gloves of the Harvest {rF+ Int+3
                  | Dex+4} (Okawaru gifted it to you on level 14 of the
                  | Dungeon)
 19799 | D:14     | Received a gift from Okawaru
 19867 | D:14     | Found a gate to the Vaults.
 20021 | D:14     | Reached skill level 10 in Invocations
 20247 | D:14     | Found a stormy altar of Qazlal.
 20583 | D:15     | Entered Level 15 of the Dungeon
 21044 | D:15     | Noticed Josephine
 21066 | D:14     | Killed Josephine
 21098 | D:14     | Reached XP level 16. HP: 77/88 MP: 30/30
 21141 | D:15     | Received a gift from Okawaru
 21361 | D:15     | Found a staircase to the Depths.
 21770 | D:15     | Found an iron altar of Okawaru.
 21986 | Orc:1    | Entered Level 1 of the Orcish Mines
 22162 | Orc:1    | Identified the +0 kite shield of Emig {Stlth+} (Okawaru
                  | gifted it to you on level 1 of the Orcish Mines)
 22162 | Orc:1    | Received a gift from Okawaru
 22367 | Orc:2    | Entered Level 2 of the Orcish Mines
 22367 | Orc:2    | Found a staircase to the Elven Halls.
 22446 | Orc:2    | Found a flickering gateway to a bazaar.
 22932 | Orc:2    | Found Figrokuj's Magic Scroll Emporium.
 22932 | Orc:2    | Found Hanugont's Antique Weapon Shop.
 22934 | Orc:2    | Found Anod's Book Boutique.
 22936 | Orc:2    | Found Wamyffa's General Store.
 22940 | Orc:2    | Bought a scroll of fog for 22 gold pieces
 22940 | Orc:2    | Bought a scroll of enchant weapon for 82 gold pieces
 23237 | Bazaar   | Entered a bazaar
 23237 | Bazaar   | Found Ygyethro's Magic Scroll Boutique.
 23240 | Bazaar   | Found Itethrenn's Weapon Shop.
 23245 | Bazaar   | Bought a scroll of enchant weapon for 90 gold pieces
 23245 | Bazaar   | Bought a scroll of enchant weapon for 90 gold pieces
 23245 | Bazaar   | Bought a scroll of enchant armour for 90 gold pieces
 23245 | Bazaar   | Bought a scroll of enchant weapon for 90 gold pieces
 23270 | Bazaar   | Found Zuesch's Magic Scroll Boutique.
 23280 | Bazaar   | Found Pif Yfoxkiw's Book Shop.
 23288 | Bazaar   | Found Boskeda's General Store.
 23296 | Bazaar   | Bought a +0 hat of willpower for 77 gold pieces
 23674 | Swamp:1  | Entered Level 1 of the Swamp
 23928 | Swamp:1  | Noticed a thorn hunter
 23943 | Swamp:1  | Killed a thorn hunter
 23990 | Swamp:1  | Found a runed translucent gate.
 23990 | Swamp:1  | Found a runed translucent gate.
 23990 | Swamp:1  | Found a runed translucent gate.
 24000 | Swamp:1  | Noticed Vioczuc's ghost (adept TrCK)
 24004 | Swamp:1  | Noticed Atuuduag's ghost (adept OgGl)
 24407 | Swamp:1  | Identified the +12 dagger "Oditid" {antimagic, Int+2}
                  | (Okawaru gifted it to you on level 1 of the Swamp)
 24407 | Swamp:1  | Received a gift from Okawaru
 24637 | Swamp:2  | Noticed a thorn hunter
 24660 | Swamp:2  | Killed a thorn hunter
 25163 | Swamp:3  | Noticed Bai Suzhen
 25481 | Elf:1    | Entered Level 1 of the Elven Halls
 25481 | Elf:1    | Found a runed translucent gate.
 25481 | Elf:1    | Found a runed translucent gate.
 25481 | Elf:1    | Found a runed translucent gate.
 25481 | Elf:1    | Found a runed translucent gate.
 25481 | Elf:1    | Found a runed translucent gate.
 25481 | Elf:1    | Found a runed translucent gate.
 25485 | Elf:1    | Found a runed translucent door.
 25487 | Elf:1    | Found a runed translucent door.
 25497 | Elf:1    | Identified the +2 cloak of the Dungeon {Drain Regen+ Int-5
                  | Dex+5} (Okawaru gifted it to you on level 1 of the Elven
                  | Halls)
 25497 | Elf:1    | Received a gift from Okawaru
 25657 | Elf:1    | Reached XP level 17. HP: 94/94 MP: 31/31
 25852 | Elf:1    | Reached skill level 10 in Spellcasting
 26050 | Elf:1    | Found Tila's Book Shop.
 26523 | Elf:2    | Noticed a golden dragon
 26523 | Elf:2    | a dire elephant changed into a golden dragon
 26523 | Elf:2    | Paralysed by an air elemental for 1 turns
 26527 | Elf:2    | a golden dragon changed into an alligator snapping turtle
 26536 | Arena    | Entered the Arena
 26562 | Elf:2    | Paralysed by an air elemental for 1 turns
 26840 | Elf:2    | Received a gift from Okawaru
 26877 | Elf:2    | Noticed a Tzitzimitl
 26878 | Elf:2    | Noticed a Tzitzimitl
 27156 | Elf:2    | Identified the +2 scale mail of Life {Str+7} (Okawaru
                  | gifted it to you on level 2 of the Elven Halls)
 27156 | Elf:2    | Received a gift from Okawaru
 27185 | Elf:2    | Found a runed translucent gate.
 27186 | Elf:2    | Found a runed translucent gate.
 27186 | Elf:2    | Found a runed translucent gate.
 27220 | Elf:2    | Found a runed translucent gate.
 27220 | Elf:2    | Found a runed translucent gate.
 27220 | Elf:2    | Found a runed translucent gate.
 27220 | Elf:2    | Found a runed translucent gate.
 27220 | Elf:2    | Found a runed translucent gate.
 27221 | Elf:2    | Found a runed translucent gate.
 27290 | Elf:2    | Noticed a deep elf blademaster
 27310 | Elf:2    | Killed a deep elf blademaster
 27355 | Elf:2    | Reached XP level 18. HP: 89/101 MP: 33/33
 28120 | Arena    | Entered the Arena
 28156 | Arena    | Killed Bai Suzhen
 28205 | Swamp:3  | Noticed Kirke
 28229 | Swamp:2  | Killed Kirke
 28265 | Swamp:3  | Noticed Mlioglotl
 28278 | Arena    | Entered the Arena
 28296 | Arena    | Killed Mlioglotl
 28378 | Swamp:3  | Received a gift from Okawaru
 28388 | Swamp:3  | Reached skill level 10 in Evocations
 28974 | Swamp:3  | Identified Roxanne's Handbook of Stones
 28974 | Swamp:3  | Noticed Roxanne
 28994 | Swamp:4  | Entered Level 4 of the Swamp
 29056 | Swamp:3  | Killed Roxanne
 29356 | Swamp:4  | Found a runed translucent door.
 29379 | Swamp:4  | Noticed porpoise's ghost (adept FoAK)
 29396 | Arena    | Entered the Arena
 29506 | Swamp:4  | Identified the +8 morningstar of Distant Worlds {pain,
                  | *Slow rPois Str+3}
 29895 | Swamp:4  | Killed porpoise's ghost
 30107 | Swamp:4  | Got a decaying rune of Zot
 30494 | Vaults:1 | Entered Level 1 of the Vaults
 30569 | Vaults:1 | Reached skill level 15 in Short Blades
 30624 | Vaults:1 | Reached skill level 10 in Armour
 30646 | Vaults:1 | Received a gift from Okawaru
 30807 | Vaults:1 | Reached XP level 19. HP: 94/107 MP: 35/35
 30952 | Vaults:1 | Reached skill level 15 in Fighting
 31296 | Vaults:1 | Found a runed translucent gate.
 31297 | Vaults:1 | Noticed Oniofy's ghost (adept SpVM)
 31297 | Vaults:1 | Found a runed translucent gate.
 31297 | Vaults:1 | Found a runed translucent gate.
 32027 | Vaults:2 | Identified the +0 hat of Okawaru's Castigation {*Slow Str+4
                  | Int+4} (Okawaru gifted it to you on level 2 of the Vaults)
 32027 | Vaults:2 | Received a gift from Okawaru
 32467 | Vaults:2 | Found a staircase to the Crypt.
 32788 | Vaults:2 | Noticed Jory
 32825 | Arena    | Entered the Arena
 32845 | Arena    | Killed Jory
 32846 | Arena    | Reached XP level 20. HP: 114/114 MP: 37/37
 32954 | Vaults:2 | Found Domag's Armour Shop.
 32960 | Vaults:2 | Bought a +2 pair of gloves of strength for 365 gold pieces
 33413 | Vaults:3 | Identified the +1 scale mail "Forget-Me-Not" {Rampage rPois
                  | Regen+ rCorr} (Okawaru gifted it to you on level 3 of the
                  | Vaults)
 33413 | Vaults:3 | Received a gift from Okawaru
 34086 | Vaults:3 | Found Ini Mofe's Magic Scroll Shoppe.
 34415 | Vaults:3 | Noticed Sojobo
 34435 | Vaults:3 | Killed Sojobo
 34501 | Arena    | Entered the Arena
 34827 | Vaults:3 | Identified the +1 robe "Ykkuur" {Dex+3}
 35112 | Vaults:3 | Received a gift from Okawaru
 35135 | Vaults:3 | Found Viugenk's Weapon Emporium.
 35477 | Vaults:4 | Reached XP level 21. HP: 119/121 MP: 39/39
 35890 | Vaults:4 | Found a magical portal.
 36379 | Vaults:4 | Identified the +2 helmet of Mokimpel {rF+} (Okawaru gifted
                  | it to you on level 4 of the Vaults)
 36379 | Vaults:4 | Received a gift from Okawaru
 36937 | Vaults:5 | Entered Level 5 of the Vaults
 37112 | Vaults:5 | Noticed a golden dragon
 37115 | Arena    | Entered the Arena
 37132 | Arena    | Killed a golden dragon
 37195 | Arena    | Entered the Arena
 37230 | Vaults:5 | Noticed a golden dragon
 37264 | Vaults:5 | Killed a golden dragon
 37276 | Arena    | Entered the Arena
 37377 | Vaults:5 | Got the Grimoire of Air
 37479 | Vaults:5 | Received a gift from Okawaru
 37543 | Vaults:5 | Noticed a golden dragon
 37562 | Vaults:5 | Killed a golden dragon
 37608 | Vaults:5 | Noticed a golden dragon
 37610 | Vaults:5 | Noticed an ancient lich
 37629 | Vaults:5 | Reached XP level 22. HP: 81/128 MP: 36/40
 37630 | Arena    | Entered the Arena
 37651 | Arena    | Killed an ancient lich
 37682 | Vaults:5 | Killed a golden dragon
 37886 | Vaults:5 | Noticed an ancient lich
 37908 | Arena    | Entered the Arena
 37932 | Arena    | Killed an ancient lich
 37969 | Arena    | Entered the Arena
 38026 | Arena    | Entered the Arena
 38219 | Vaults:5 | Identified the ring "Waepomoo" {Wiz rPois rC- rCorr Dex+8}
 38285 | Vaults:5 | Identified the +1 scale mail of Ybbusext {Str+2}
 38541 | Vaults:5 | Identified the +9 mace "Orb Guardian's Peril" {vorpal,
                  | rElec MP+9}
 38645 | Vaults:5 | Got Sif Muna's Grimoire of Earthen Summoning
 38806 | Vaults:5 | Got a silver rune of Zot
 39406 | Spider:1 | Entered Level 1 of the Spider Nest
 39526 | Spider:1 | Identified the +8 storm dragon scales "Remuvab" {rElec
                  | rC+++ rCorr Str-2 Dex+3} (Okawaru gifted it to you on level
                  | 1 of the Spider Nest)
 39526 | Spider:1 | Received a gift from Okawaru
 40079 | Spider:1 | Noticed Nikola
 40097 | Spider:1 | Noticed Aizul
 40099 | Spider:1 | Killed Nikola
 40118 | Spider:1 | Killed Aizul
 40505 | Spider:2 | Noticed Arachne
 40523 | Arena    | Entered the Arena
 40538 | Arena    | Killed Arachne
 41017 | Spider:2 | Acquired a manual of Armour
 41279 | Spider:3 | Reached XP level 23. HP: 134/134 MP: 42/42
 41987 | Spider:4 | Entered Level 4 of the Spider Nest
 42989 | Spider:4 | Got a gossamer rune of Zot
 43442 | Depths:1 | Entered Level 1 of the Depths
 43456 | Depths:1 | Noticed a juggernaut
 43460 | Depths:1 | Received a gift from Okawaru
 43461 | Arena    | Entered the Arena
 43475 | Arena    | Killed a juggernaut
 43519 | Depths:1 | Noticed a juggernaut
 43727 | Arena    | Entered the Arena
 43740 | Arena    | Killed a juggernaut
 43773 | Depths:1 | Noticed a caustic shrike
 43774 | Depths:1 | Noticed a caustic shrike
 43803 | Depths:1 | Noticed a caustic shrike
 43803 | Depths:1 | Noticed a caustic shrike
 43803 | Depths:1 | Noticed a caustic shrike
 43818 | D:15     | Killed a caustic shrike
 43835 | D:15     | Killed a caustic shrike
 43835 | D:15     | Received a gift from Okawaru
 43859 | D:15     | Killed a caustic shrike
 43898 | D:15     | Killed a caustic shrike
 43899 | D:15     | Reached skill level 15 in Spellcasting
 43924 | D:15     | Killed a caustic shrike
 44540 | Depths:1 | You fall into a shaft and drop 1 floor!
 44540 | Depths:2 | Found a one-way gate to the infinite horrors of the Abyss.
 44690 | Depths:1 | Found a gateway to Hell.
 44733 | Depths:1 | Received a gift from Okawaru
 45136 | Depths:2 | Paralysed by a floating eye for 2 turns
 45202 | Depths:2 | Paralysed by a floating eye for 3 turns
 45206 | Depths:2 | Received a gift from Okawaru
 45218 | Depths:2 | Reached XP level 24. HP: 112/141 MP: 43/43
 45257 | Depths:1 | Reached skill level 15 in Armour
 45525 | Depths:2 | Found an ancient bone altar of Kikubaaqudgha.
 45741 | Depths:2 | Identified the amulet "Umpug" {Faith *Slow Fly Will+++
                  | Stlth+}
 45744 | Depths:2 | Identified the ring "Hiny" {Wiz +Blink rElec rC- Slay+2}
 45809 | Depths:2 | Found a one-way gate leading to the halls of Pandemonium.
 46390 | Depths:3 | Found Haunkia's Antique Weapon Emporium.
 46533 | Depths:3 | Found a runed translucent door.
 46703 | Arena    | Entered the Arena
 46754 | Depths:3 | Identified the +7 crystal plate armour of Okawaru's Delight
                  | {rF- Regen+ Stlth+} (Okawaru gifted it to you on level 3 of
                  | the Depths)
 46754 | Depths:3 | Received a gift from Okawaru
 47345 | Depths:3 | Noticed attentat's ghost (veteran DsIE)
 47363 | Depths:3 | Reached XP level 25. HP: 140/147 MP: 43/43
 47386 | Depths:3 | Identified the +8 chain mail "Duruem" {Harm Str+3 Dex+2}
 47416 | Depths:3 | Got the Tome of Ashen Intoxication
 47730 | Depths:3 | Found a basalt altar of Yredelemnul.
 47736 | Depths:3 | Identified the +1 chain mail "Eloi" {Str-2 Int+7}
 48184 | Depths:4 | Entered Level 4 of the Depths
 48218 | Depths:4 | Noticed a juggernaut
 48331 | Depths:3 | Killed a juggernaut
 48434 | Arena    | Entered the Arena
 48593 | Arena    | Entered the Arena
 48709 | Depths:3 | Received a gift from Okawaru
 48907 | Depths:4 | Found a one-way gateway to a ziggurat.
 49082 | Depths:4 | Found a hazy altar of Hepliaklqana.
 49170 | Depths:4 | Reached skill level 15 in Evocations
 49798 | Depths:4 | Found a gate to the Realm of Zot.
 50110 | Depths:4 | Identified the +6 rapier of Linearity {spect, rElec}
 50347 | Zot:1    | Entered Level 1 of the Realm of Zot
 50396 | Zot:1    | Received a gift from Okawaru
 50483 | Zot:1    | Noticed a Killer Klown
 50484 | Zot:1    | Noticed a Killer Klown
 50489 | Arena    | Entered the Arena
 50504 | Arena    | Killed a Killer Klown
 50565 | Zot:1    | Killed a Killer Klown
 51215 | Zot:2    | Reached XP level 26. HP: 116/155 MP: 43/44
 51266 | Arena    | Entered the Arena
 51521 | Zot:2    | Found the +4 dragonskin cloak
 51521 | Zot:2    | Noticed Tiamat
 51552 | Arena    | Entered the Arena
 51612 | Zot:2    | You fall into a shaft and drop 1 floor!
 52023 | Zot:3    | Noticed an ancient lich
 52062 | Zot:3    | Noticed an orb of fire
 52071 | Zot:3    | Gained mutation: [Your magical capacity is low. (-10% MP)]
                  | [an orb of fire]
 52076 | Zot:3    | Gained mutation: You occasionally shout uncontrollably at
                  | your foes. [an orb of fire]
 52088 | Zot:3    | Gained mutation: You are clumsy. (Dex -2) [an orb of fire]
 52099 | Zot:3    | Killed an orb of fire
 52252 | Arena    | Entered the Arena
 52280 | Arena    | Killed an ancient lich
 52322 | Zot:3    | Identified the +1 pair of gloves of the End {Fly rPois}
                  | (Okawaru gifted it to you on level 3 of the Realm of Zot)
 52322 | Zot:3    | Received a gift from Okawaru
 52331 | Zot:3    | Found a stormy altar of Qazlal.
 52574 | Zot:3    | Found a transporter.
 52920 | Zot:4    | Noticed an orb of fire
 52933 | Zot:4    | Gained mutation: You are very clumsy. (Dex -4) [an orb of
                  | fire]
 52937 | Zot:4    | Gained mutation: Armour fits poorly on your strangely
                  | shaped body. [an orb of fire]
 52938 | Zot:4    | Gained mutation: You sometimes lose your temper in combat.
                  | [an orb of fire]
 52940 | Arena    | Entered the Arena
 52964 | Arena    | Killed an orb of fire
 53629 | Arena    | Entered the Arena
 53663 | Arena    | Killed Tiamat
 54018 | Arena    | Entered the Arena
 55117 | Zot:5    | Entered Level 5 of the Realm of Zot
 55327 | Zot:5    | Received a gift from Okawaru
 55400 | Zot:5    | Noticed a Killer Klown
 55462 | Zot:5    | Noticed an orb of fire
 55477 | Arena    | Entered the Arena
 55507 | Arena    | Killed an orb of fire
 55508 | Arena    | Reached XP level 27. HP: 160/161 MP: 40/40
 55599 | Zot:5    | Noticed a dread lich
 55601 | Zot:5    | Noticed an orb of fire
 55601 | Zot:5    | Noticed an orb of fire
 55665 | Zot:5    | Killed a dread lich
 55682 | Zot:5    | Killed an orb of fire
 55735 | Zot:5    | Gained mutation: You are dopey. (Int -2) [an orb of fire]
 55738 | Zot:5    | Killed an orb of fire
 56012 | Zot:5    | Identified the +2 hat of Cemmacai {Fly rElec Str-4}
                  | (Okawaru gifted it to you on level 5 of the Realm of Zot)
 56012 | Zot:5    | Received a gift from Okawaru
 56438 | Zot:5    | Reached skill level 15 in Shields
 56589 | Zot:5    | Got the Orb of Zot
 56794 | Depths:3 | Noticed Qouryqah the pandemonium lord
 56866 | Depths:2 | Noticed Nylokidgh the pandemonium lord
 56872 | Abyss:3  | Cast into level 3 of the Abyss (Nylokidgh)
 56936 | Abyss:4  | Gained mutation: You are very dopey. (Int -4) [a neqoxec]
 56987 | Abyss:4  | Paralysed by accursed screaming for 1 turns
 56996 | Abyss:4  | Paralysed by accursed screaming for 1 turns
 56998 | Arena    | Entered the Arena
 57241 | Abyss:4  | Lost intelligence.
 57245 | Abyss:4  | Paralysed by accursed screaming for 1 turns
 57247 | Abyss:4  | HP: 6/130 [starcursed mass/accursed screaming (4)]
 57256 | Abyss:4  | HP: 4/130 [raiju/living lightning (2)]
 57266 | Abyss:4  | Paralysed by accursed screaming for 2 turns
 57266 | Abyss:4  | HP: 1/130 [large abomination (1)]
 57267 | Abyss:4  | Killed from afar by a starcursed mass

Illustrated notes

Levels and vault maps discovered:
D:1:      dpeg_arrival_prison, layout_basic
D:2:      layout_loops_ring, uniq_robin, uniq_jessica
D:3:      layout_loops_ring, shapermc_ecumenical_altar_hornbeckon, serial_shops,
          nicolae_square_shop
D:4:      layout_loops_ring
D:5:      layout_layer_cave, grunt_temple_overflow_open,
          minmay_temple_entry_waves, serial_shops, shop,
          ebering_ghost_reflecting_pool, kennysheep_opposing_triangles
D:6:      layout_rooms, fedhas_altar_3, minmay_ogre_servants, uniq_sigmund,
          uniq_pikel, uniq_duvessa
D:7:      cheibrodos_grave_circle, layout_cave_pools, lemuel_tele_altar,
          uniq_crazy_yiuf_cottage
D:8:      layout_basic, special_room [special_room_orc], fungi_pond_lemuel
D:9:      layout_roguey, dpeg_lair_monsters, corexii_checkpoint_a,
          hellmonk_guarded_unrand_gong
D:10:     layout_long_grid, serial_shops, nicolae_shop_overgrown_old_shop,
          uniq_maggie
D:11:     layout_loops_corners, serial_shops, statue_bzr
D:12:     layout_roguey, zombieorc1_lemuel, uniq_psyche
D:13:     layout_basic, minmay_diamond_spiral, uniq_rupert, uniq_jorgrun
D:14:     layout_gridville, lightli_vaults_fourway_checkpoint, kennysheep_boxes,
          nicolae_qazlal_general_emergency
D:15:     hangedman_depths_entry_civil_slaughter, layout_long_grid,
          minmay_crystal_room, kennysheep_okawaru_gauntlet, uniq_josephine
Temple:   regret_index_temple_mists
Lair:1:   layout_misc_corridors, grunt_megastairs_1
Lair:2:   layout_regular_city, hellmonk_spider_entry_not_the_bees,
          hangedman_lair_unloving_vines
Lair:3:   layout_misc_corridors, serial_bayou, serial_bayou_ford_a,
          serial_bayou_lagoon_a, serial_bayou_pond_d, serial_bayou_pond_a,
          serial_bayou_lake_a, serial_bayou_shore_a
Lair:4:   layout_roguey, swamp_mist, ebering_ghost_rock_garden
Lair:5:   layout_cave_pods, maelrawn_ghost_gauntlet_escape,
          grunt_forest_large_clearing_hut, serial_bayou_shore_b
Lair:6:   evilmike_catoblepas_cave, layout_cave_shapes,
          minmay_slime_entry_pillars, nzn_ghost_randoct,
          grunt_forest_small_clearing_treed
Swamp:1:  layout_basic_swamp, gammafunk_ghost_cemetery,
          infiniplex_staircase_pool
Swamp:2:  layout_falls_marsh, hangedman_swamp_ruin_wall
Swamp:3:  layout_basic_swamp, serial_swamp_ruin, evilmike_swamp_ruin_house_1,
          evilmike_swamp_ruin_house_4, uniq_bai_suzhen, uniq_mlioglotl,
          uniq_roxanne, uniq_kirke
Swamp:4:  swamp_icy, layout_basic_swamp, ebering_ghost_inner_flame
Spider:1: layout_spider_delve, uniq_aizul, uniq_nikola
Spider:2: layout_spider_delve, uniq_arachne
Spider:3: layout_cave_pods
Spider:4: hellmonk_spider_rune_endless_swarm
Orc:1:    layout_diamond_mine, basic_altar
Orc:2:    st_orc_rangers, layout_diamond_mine, serial_shops, bzr_in_the_mist,
          basic_altar
Elf:1:    nicolae_elf_arrival_dilemma, layout_geoelf_diagonals, serial_shops,
          nicolae_shop_stone, kennysheep_underground_church,
          nicolae_concentric_dashed_squares_mild, grunt_megastairs_3
Elf:2:    nicolae_elf_blades_crystal_corner, layout_geoelf_octagon, orc_legates
Vaults:1: gammafunk_ghost_spectres, hangedman_vaults_locks, st_squares,
          v_pattern_5, hangedman_vaults_cutoff,
          vaults_room_grunt_arrival_ludios, nicolae_vaults_rhombus_6,
          layout_vaults_big_room
Vaults:2: hangedman_vaults_trim, nicolae_vaults_circle_grid_a, v_misc_29,
          hangedman_vaults_trim, v_pattern_1, v_misc_30,
          minmay_crypt_entry_skeletal_spiral, nicolae_vaults_theta,
          nicolae_vaults_windows_and_doors_thing, vaults_room_pool,
          vaults_room_door_ring, vaults_room_hallway, vaults_mumra_chevron_long,
          layout_vaults_maze_bifur, serial_shops, shop, uniq_jory, uniq_margery
Vaults:3: nicolae_vaults_network_star, v_misc_13, v_misc_15, v_misc_9,
          v_misc_18, grunt_vaults_twisty, dpeg_vaults_monster_box,
          layout_vaults_omnicross, serial_shops, nicolae_lakefront_shop,
          uniq_sojobo
Vaults:4: mu_enter_wizlab_6, nicolae_vaults_network_barrier, vaults_room_pool,
          v_misc_13, hangedman_vaults_stretched_pinwheel, v_misc_27,
          hangedman_vaults_restitches, v_misc_3, nicolae_vaults_alarming,
          nicolae_vaults_little_squares_4, layout_vaults_omnigrid
Vaults:5
Depths:1: minmay_roctagon, layout_cave_pools, patterned_corridor, hell_entry,
          kennysheep_generic_room_13
Depths:2: evilmike_pillar_path, layout_cave_shapes, kiku_gazebo_pond_becter,
          pf_hell_entry_tar_river, abyss_entry, pan_entry,
          infiniplex_staircase_9_rooms, grunt_megastairs_2
Depths:3: nzn_winding_woodlands_stair_trap
          [nzn_winding_woodlands_5x15_river_crossing,
          nzn_winding_woodlands_5x15_split_checker,
          nzn_winding_woodlands_5x15_concentric,
          nzn_winding_woodlands_15x15_five_gardens,
          nzn_winding_woodlands_5x15_sawtooth,
          nzn_winding_woodlands_5x15_pathside_ponds,
          nzn_winding_woodlands_5x15_jagged], layout_basic,
          yredelemnul_altar_generic, muffindrake_ghost_three_little_ghosts,
          abyss_entry, grunt_mini_vestibule, nicolae_stop_n_shop_2,
          minmay_staircase_windowed_small
Depths:4: lemuel_castle_with_subvaults [lemuel_castle_interior_original],
          layout_cave_pools, enter_ziggurat_b, nzn_hepliaklqana_mist_gate,
          hell_entry, uniq_josephina
Zot:1:    circus_mu, layout_cellular_growth, skrybe_zot_glass_2
Zot:2:    layout_basic, grunt_megastairs_4, uniq_tiamat
Zot:3:    regret_index_qazlal_generations, layout_gridlike, nicolae_diode_basic
Zot:4:    layout_gridlike
Zot:5:    layout_gridlike, grunt_ministairs_6
Abyss:4:  base: D:9, evilmike_abyss_exit_16, base:
Lair:2

Skill      XL: |  1  2  3  4  5  6  7  8  9 10 11 12 13 14 15 16 17 18 19 20 21 22 23 24 25 26 27 |
---------------+----------------------------------------------------------------------------------+-----
Short Blades   | 2 3 4 5 6 8 10 11 12 13 14 15 16 17 18 19 20 21 22 | 22.7
Fighting       | 3 4 6 7 8 9 10 11 12 13 14 15 16 17 18 19 20 21 22 | 22.5
Invocations    | 1 3 5 7 8 9 10 11 12 | 12.0
Shields        | 3 4 5 7 8 11 12 14 15 | 15.3
Spellcasting   | 2 3 5 6 7 8 9 10 11 12 13 14 15 16 17 | 17.7
Evocations     | 2 3 4 5 6 7 8 9 10 11 12 13 14 15 | 15.0
Armour         | 3 4 5 6 7 8 9 10 11 12 14 16 17 18 19 | 19.2

Action                   |  1- 3 |  4- 6 |  7- 9 | 10-12 | 13-15 | 16-18 | 19-21 | 22-24 | 25-27 || total
-------------------------+-------+-------+-------+-------+-------+-------+-------+-------+-------++-------
Melee: Rapier            |   110 |       |       |       |       |       |       |       |       ||   110
       Bite              |    27 |    45 |   137 |   585 |   865 |   937 |  1318 |  1653 |  1603 ||  7170
       Dagger            |       |   148 |   356 |  1328 |   137 |       |       |       |       ||  1969
       Quick blade       |       |       |       |       |  1657 |  2027 |  2140 |  2647 |  2546 || 11017
Invok: Heroism           |       |       |     2 |     6 |     4 |     4 |     4 |     6 |     9 ||    35
       Finesse           |       |       |       |     2 |       |     2 |     1 |       |     1 ||     6
       Duel              |       |       |       |       |     3 |     4 |     5 |     8 |    11 ||    31
Evoke: Wand              |       |       |       |     3 |     3 |    10 |       |     7 |     1 ||    24
       Condenser vane    |       |       |       |       |     1 |     1 |     3 |     4 |     5 ||    14
  Use: Scroll            |     1 |     9 |     1 |    15 |    14 |    11 |     2 |     6 |    11 ||    70
       Potion            |     1 |     2 |     1 |     1 |       |     1 |       |     3 |     1 ||    10
 Stab: Invisible         |       |       |       |       |     5 |     7 |     5 |    14 |     5 ||    36
       Petrified         |       |       |       |       |     1 |       |       |       |       ||     1
       Paralysed         |       |       |       |       |       |     1 |       |       |       ||     1
Armor: Scale mail        |    39 |    58 |   102 |   140 |       |       |       |       |       ||   339
       Plate armour      |       |       |       |   207 |   509 |   276 |       |       |       ||   992
       Storm dragon scal |       |       |       |       |       |    61 |   299 |   607 |       ||   967
       Gold dragon scale |       |       |       |       |       |       |    30 |    64 |       ||    94
       Crystal plate arm |       |       |       |       |       |       |       |       |   799 ||   799
Dodge: Dodged            |    35 |    62 |    83 |   200 |   115 |   101 |   140 |   212 |   124 ||  1072
Block: Buckler           |    20 |    27 |    77 |   157 |       |       |       |       |       ||   281
       Kite shield       |       |       |       |   544 |  1793 |  1594 |  1651 |  2293 |  2189 || 10064
       Reflection        |       |       |       |       |       |       |       |       |     9 ||     9

Table legend: (Time is in decaauts)
 A = Elapsed time spent in this place.
 B = Non-inter-level travel time spent in this place.
 C = Inter-level travel time spent in this place.
 D = Time resting spent in this place.
 E = Time spent auto-exploring this place.
 F = Levels seen in this place.
 G = Mean time per level.
                   A        B        C        D        E       F      G
               +--------+--------+--------+--------+--------+-----+--------+
         Total |  50474 |  46242 |   4232 |   5224 |  28447 |  84 |  600.9 |
       Dungeon |  16286 |  14535 |   1751 |   1580 |  10001 |  15 | 1085.7 |
        Temple |    144 |     93 |     51 |      0 |     79 |   1 |  144.0 |
          Lair |   5818 |   4947 |    871 |    352 |   3552 |   6 |  969.7 |
         Swamp |   3333 |   3098 |    235 |    225 |   1831 |   4 |  833.2 |
   Spider Nest |   3260 |   3038 |    222 |    267 |   2031 |   4 |  815.0 |
  Orcish Mines |   1188 |   1092 |     96 |      0 |    780 |   2 |  594.0 |
   Elven Halls |   1906 |   1794 |    112 |     76 |   1090 |   2 |  953.0 |
        Vaults |   6863 |   6614 |    249 |    613 |   3798 |   5 | 1372.6 |
        Depths |   5199 |   5006 |    193 |    763 |   2706 |   4 | 1299.8 |
           Zot |   5272 |   4823 |    449 |    908 |   2393 |   5 | 1054.4 |
         Abyss |    248 |    248 |      0 |     30 |     44 |   3 |   82.7 |
        Bazaar |    180 |    180 |      0 |      0 |    102 |   2 |   90.0 |
         Arena |    773 |    773 |      0 |    406 |     36 |  31 |   24.9 |
               +--------+--------+--------+--------+--------+-----+--------+

Top non-repeatable levels by time:
Depths:3: 1939 daAuts
   Zot:3: 1915 daAuts
     D:1: 1535 daAuts
Vaults:2: 1497 daAuts
Vaults:4: 1489 daAuts
     D:9: 1487 daAuts
Vaults:5: 1487 daAuts
     D:5: 1452 daAuts
Depths:4: 1448 daAuts
    D:15: 1425 daAuts
Vaults:3: 1324 daAuts
    D:11: 1312 daAuts
    D:14: 1279 daAuts
  Lair:2: 1196 daAuts
   Zot:5: 1151 daAuts
